 Dungeon Crawl Stone Soup version 0.23.2-1-ga50397a (webtiles) character file.

Game seed: 780489401360926227

114 Borgoz the Chopper (level 4, 0/57 HPs)
             Began as a Minotaur Gladiator on May 15, 2019.
             Slain by a giant cockroach (1 damage)
             ... on level 3 of the Dungeon.
             The game lasted 00:02:36 (1415 turns).

Borgoz the Chopper (Minotaur Gladiator)             Turns: 1415, Time: 00:02:37

Health: 0/57       AC: 22    Str: 19    XL:     4   Next: 66%
Magic:  3/3        EV:  2    Int:  5    God:
Gold:   119        SH:  0    Dex: 12    Spells: 3/3 levels left

rFire    . . .     SeeInvis .   a - +0 war axe
rCold    . . .     Gourm    .   (no shield)
rNeg     + + +     Faith    .   (armour currently unavailable)
rPois    +         Spirit   .   (helmet currently unavailable)
rElec    .         Reflect  .   (cloak currently unavailable)
rCorr    +         Harm     .   (gloves currently unavailable)
MR       .....     NoTele   +   (boots currently unavailable)
Stlth    +.........             (no amulet)
HPRegen  0.19/turn              r - ring of resist corrosion
MPRegen  0.08/turn              (no ring)

@: tree-form
A: (retaliatory headbutt)
a: no special abilities


You were on level 3 of the Dungeon.
You were hungry.
You were a tree.
You visited 1 branch of the dungeon, and saw 3 of its levels.

You collected 119 gold pieces.

Inventory:

Hand Weapons
 a - a +0 war axe (weapon)
Missiles
 d - 3 throwing nets (quivered)
Armour
 b - a +0 leather armour (melded)
 c - a +0 hat (melded)
 t - a +0 scale mail
Jewellery
 i - an uncursed ring of positive energy
 r - a ring of resist corrosion (left branch)
Scrolls
 h - a scroll of remove curse
 k - a scroll of magic mapping {unknown}
 l - a scroll of fog {unknown}
 n - 2 scrolls of teleportation {unknown}
 p - a scroll of enchant armour {unknown}
 q - a scroll of amnesia {unknown}
 s - a scroll of random uselessness {unknown}
Potions
 j - a potion of ambrosia {unknown}
 o - a potion of brilliance {unknown}
Comestibles
 f - 5 rations


   Skills:
 + Level 3.4 Fighting
 * Level 5.0 Axes
 - Level 2.0 Throwing
 + Level 2.0 Armour
 + Level 4.0 Dodging


You had 3 spell levels left.
You didn't know any spells.
Your spell library was empty.

Dungeon Overview and Level Annotations

Branches:
Dungeon (3/15)

Altars:
Elyvilon
Xom
The Shining One


Innate Abilities, Weirdness & Mutations

((You reflexively headbutt those who attack you in melee.))
((You have a pair of horns on your head.))


Message History

The gnoll hits you from afar with a +0 spear.
* * * LOW HITPOINT WARNING * * *
The giant cockroach bites you but does no damage.
You cannot move.
You cannot move.
You cannot move.
You aren't carrying any items that you can evoke.
You closely miss the giant cockroach.
The gnoll hits you from afar with a +0 spear.
* * * LOW HITPOINT WARNING * * *
The giant cockroach bites you but does no damage.
The gnoll hits you from afar with a +0 spear.
* * * LOW HITPOINT WARNING * * *
You closely miss the giant cockroach.
The giant cockroach bites you but does no damage.
The gnoll completely misses you.
The giant cockroach bites you but does no damage.
You closely miss the giant cockroach. The gnoll hits you but does no damage.
The giant cockroach bites you.
You die...

###.####
.......
#.....###
........
#.%...##.
###g.......
#.)s)......
#♣# ##
#.#####.. #.
#...s..# #.
#..###.#
#.##<.###..
#.).........
####..######
#..>..
##..#.#


You could see a gnoll and a giant cockroach.

Vanquished Creatures
  3 gnolls (D:3)
  2 adders (D:2)
  An ooze (D:2)
  2 worms (D:2)
  2 dart slugs
  3 leopard geckos
  3 giant cockroaches
  4 goblins
  8 hobgoblins
  5 kobolds
  A ball python (D:1)
  9 bats
  6 frilled lizards
  3 rats (D:1)
52 creatures vanquished.

Notes
Turn   | Place    | Note
-------+----------+-------------------------------------------
     0 | D:1      | Borgoz the Minotaur Gladiator began the quest for the Orb.
     0 | D:1      | Reached XP level 1. HP: 18/18 MP: 0/0
    47 | D:1      | Reached XP level 2. HP: 25/25 MP: 1/1
   112 | D:1      | Reached skill level 4 in Axes
   300 | D:1      | Reached skill level 1 in Armour
   412 | D:2      | Reached XP level 3. HP: 22/30 MP: 2/2
   542 | D:2      | Found a glowing golden altar of the Shining One.
   775 | D:2      | Found a white marble altar of Elyvilon.
   833 | D:2      | Found a shimmering altar of Xom.
   837 | D:2      | Found a shimmering altar of Xom.
   838 | D:2      | Found a shimmering altar of Xom.
   969 | D:2      | Reached XP level 4. HP: 37/38 MP: 3/3
  1408 | D:3      | Reached skill level 5 in Axes
  1413 | D:3      | HP: 2/57 [gnoll/+0 spear (3)]
  1415 | D:3      | Slain by a giant cockroach

Skill      XL: |  1  2  3  4 |
---------------+-------------+-----
Axes           | 4 5 |  5.0
Armour         | 1 2 |  2.0
Fighting       | 3 |  3.4
Dodging        | 4 |  4.0
Throwing       | |  2.0

Action                   |  1- 3 |  4- 6 || total
-------------------------+-------+-------++-------
Melee: War axe           |    73 |    23 ||    96
       Headbutt          |    13 |     3 ||    16
  Use: Scroll            |       |     1 ||     1
       Potion            |       |     1 ||     1
 Stab: Sleeping          |     1 |       ||     1
  Eat: Chunk             |       |     1 ||     1
Armor: Leather armour    |    10 |     5 ||    15
       Skin              |       |     6 ||     6
Dodge: Dodged            |    65 |    25 ||    90
